Map: Vallée des cactus EC

Players

AgCl

  • Race: Protoss Protoss

Kaspersky - Winner!

  • Race: Protoss Protoss

VOD

Have the link to the VOD?

Description

Time

  • Played on: May 9, 2015, 8:37 p.m.
  • Length: 4:44
Show
View Real Time Build Order
Export as new Build Order

AgCl Protoss 

Build Orders: Nexus First 

Get SALT Encoding   

  12  0:03  Probe  
  13  0:15  Probe  
  14  0:36  Pylon  
  14  0:55  Probe (Chrono Boost)  
  14  0:56  Nexus  
  15  1:07  Probe (Chrono Boost)  
  16  1:13  Gateway  
  16  1:16  Probe (Chrono Boost)  
  17  1:24  Probe  
  18  1:35  Assimilator  
  18  1:36  Probe  
  19  1:46  Pylon  
  19  1:48  Probe  
  20  2:00  Probe  
  21  2:08  Assimilator  
  21  2:12  Probe x2 (Chrono Boost)  
  25  2:23  Probe (Chrono Boost)  
  25  2:24  Cybernetics Core  
  25  2:25  Probe (Chrono Boost)  
  25  2:28  Pylon  
  25  2:29  Probe (Chrono Boost)  
  27  2:39  Probe x2 (Chrono Boost)  
  28  2:45  Probe (Chrono Boost)  
  28  2:47  Probe (Chrono Boost)  
  30  2:57  Probe (Chrono Boost)  
  30  2:58  Probe (Chrono Boost)  
  32  3:03  Probe (Chrono Boost)  
  32  3:04  Probe (Chrono Boost), Pylon  
  34  3:13  Robotics Facility  
  34  3:14  Probe (Chrono Boost)  
  34  3:16  Mothership Core (Chrono Boost)  
  37  3:20  Pylon  
  37  3:26  Probe (Chrono Boost)  
  38  3:28  Assimilator  
  38  3:33  Probe (Chrono Boost)  
  40  3:34  Probe (Chrono Boost)  
  40  3:40  Stalker  
  42  3:43  Probe (Chrono Boost)  
  42  3:45  Probe (Chrono Boost)  
  44  3:53  Assimilator  
  44  3:55  Probe (Chrono Boost)  
  46  3:58  Probe (Chrono Boost), Forge  
  46  4:00  Immortal (Chrono Boost)  
  46  4:01  Probe (Chrono Boost)  
  51  4:06  Probe  
  52  4:13  Probe (Chrono Boost)  
  53  4:18  Probe (Chrono Boost)  
  54  4:30  Probe (Chrono Boost)  
  54  4:31  Probe (Chrono Boost), Gateway  
  56  4:34  Photon Cannon  
  58  4:40  Pylon  
  58  4:41  Pylon  
  58  4:43  Pylon  
Show
View Real Time Build Order
Export as new Build Order

Kaspersky Protoss - Winner!

Build Orders: Dark Templar Rush 

Get SALT Encoding   

  13  0:10  Pylon  
  12  0:16  Probe  
  13  0:28  Probe  
  14  0:40  Probe (Chrono Boost)  
  14  0:41  Gateway  
  15  0:52  Probe (Chrono Boost)  
  15  0:56  Assimilator  
  16  1:00  Probe (Chrono Boost), Assimilator  
  17  1:09  Probe  
  18  1:18  Pylon  
  18  1:23  Probe (Chrono Boost)  
  19  1:30  Cybernetics Core  
  20  1:33  Probe (Chrono Boost)  
  20  1:40  Probe  
  21  1:52  Probe  
  22  2:04  Probe, Pylon  
  22  2:07  Warp Gate (Chrono Boost)  
  23  2:13  Stalker (Chrono Boost)  
  25  2:16  Probe  
  26  2:22  Twilight Council  
  26  2:28  Probe  
  27  2:41  Probe  
  28  2:53  Probe  
  29  3:00  Dark Shrine  
  29  3:06  Gateway  
  29  3:09  Gateway  
  29  3:10  Gateway  
  29  3:22  Pylon  
  29  3:34  Probe  
  30  3:55  Pylon  
  30  4:02  Probe  
  31  4:13  Dark Templar  
  31  4:14  Dark Templar x3  
  39  4:24  Pylon  
Tags
 
Add a new tag
Caveats
  • Supply blocks, unpowered buildings, or Contaminate may cause inaccurate times.
  • Supply counts are checked every 10 seconds.